[Event "Early-Titled-Tuesday-Blitz-October-24-2023"]
[Site "Chess.com"]
[Date "2023.10.24"]
[Round "2"]
[White "rdarruda"]
[Black "itsdsyr"]
[Result "1-0"]
[WhiteElo "2511"]
[BlackElo "2270"]
[TimeControl "180+1"]
[EndTime "8:17:12 PDT"]
[Termination "rdarruda won by resignation"]

1. d4 Nf6 2. Nf3 e6 3. c4 b6 4.
Nc3 Bb7 5. e3 Be7 6. Bd3 d5 7.
O-O O-O 8. Qe2 Ne4 9. Nd2 f5 10. f3 Nxd2 11. Bxd2 c5 12. Kh1 Nc6 13. cxd5 exd5 14.
dxc5 bxc5 15. Nxd5 Kh8 16. Nxe7 Qxe7 17. Rae1 Rad8 18. Bc3 Ne5 19. Bc2 Rd6 20. Rd1 Ba6 21. Qf2 Bxf1 22. Rxf1 Nc4 23. Re1 Re6 24. Bb3 Rxe3 25.
Bxc4 Rxe1+ 26. Bxe1 Rd8 27. Bb3 c4 28. Bc2 f4 29.
Kg1 Qe5 30. Bc3 Qd5 31. h3 a5 32. Qa7 Rg8 33. Qd4 Qxd4+ 34. Bxd4 Rd8 35. Bc3 Rd5 36. Kf2 Kg8 37. Ke2 Kf7 38. b3 Rg5 39. bxc4 Rxg2+ 40. Kd3 Rf2 41. Bd1 Rxa2 42. c5 Ke7 43. Bb3 Ra3 44. Bd5 Kd7 45. Kc4 Ra4+ 46. Kb5 Ra3 47. Be5 a4 48. c6+ Kc8 49. Be6+ Kd8 50. c7+ Ke7 51.
c8=Q Rb3+ 52. Bxb3 1-0

[Event "Early-Titled-Tuesday-Blitz-October-24-2023"]
[Site "Chess.com"]
[Date "2023.10.24"]
[Round "2"]
[White "victormago"]
[Black "Alenzer"]
[Result "1-0"]
[WhiteElo "2433"]
[BlackElo "2080"]
[TimeControl "180+1"]
[EndTime "8:17:13 PDT"]
[Termination "victormago won by resignation"]

1. d4 d5 2. c4 dxc4 3. Nf3 a6 4. a4 Nf6 5. e3 e6 6. Bxc4 b6 7. O-O Bb7 8. Qe2 Be7 9. Nc3 O-O 10. Rd1 Nbd7 11.
e4 Rc8 12. Bxa6 Bxa6 13. Qxa6 Ra8 14. Qe2 Bb4 15. Bg5 h6 16. Bh4 g5 17. Bg3 Nh5 18.
e5 Qe7 19. Ne4 Nf4 20. Bxf4 gxf4 21. b3 f5 22. exf6 Nxf6 23. Nxf6+ Qxf6 24. Rac1 c5 25. dxc5 Bxc5 26. Rc4 Rad8 27. Re1 Rd6 28. Re4 Re8 29. Qc4 Kg7 30. h3 Qb2 31. R4e2 Qf6 32. b4 Bd4 33. Qc7+ Qe7 34. Qc4 Bf6 35. Qxf4 Qd7 36. a5 bxa5 37. bxa5 Ra6 38. Qg4+ Kh8 39. Nh4 Bg7 40. Ng6+ Kh7 41. Qe4 Kg8 42. Nf4 e5 43. Nh5 Rxa5 44. Qg6 Qf7 45. Nf6+ Qxf6 46. Qxe8+ Kh7 47. Qc8 Ra6 48.
Rxe5 Ra2 49. Qf5+ Qxf5 50. Rxf5 Bc3 51. Re6 Kg7 52. g4 Ra1+ 53. Kg2 Ra3 54. Rf3 Bb4 55. Rxa3 Bxa3 56. f4 1-0

[Event "Early-Titled-Tuesday-Blitz-October-24-2023"]
[Site "Chess.com"]
[Date "2023.10.24"]
[Round "2"]
[White "Agibileg"]
[Black "nitpicker"]
[Result "0-1"]
[WhiteElo "2640"]
[BlackElo "2263"]
[TimeControl "180+1"]
[EndTime "8:17:14 PDT"]
[Termination "nitpicker won on time"]

1. d4 Nf6 2. c4 e6 3. Nc3 Bb4 4. f3 c5 5. d5 b5 6. e4 O-O 7. e5 Ne8 8. f4 d6 9. Nf3 f6 10. f5 fxe5 11. fxe6 Qf6 12. Bd3 e4 13. Bxe4 Bxc3+ 14. bxc3 Qxc3+ 15. Bd2 Qxc4 16. Ng5 Nf6 17. Rc1 Qd4 18. Qc2 h6 19. Bh7+ Kh8 20.
Nf7+ Rxf7 21. exf7 Nbd7 22. Bf5 Bb7 23. Bxd7 Nxd7 24. Qf5 Nf6 25. Rf1 Bxd5 26. Bxh6 Bxf7 27. Qh3 Re8+ 28. Be3+ Kg8 29. Rf3 Ng4 30. Ke2 Bc4+ 31. Rxc4 Qxc4+ 32. Kd2 Qxa2+ 33. Kd1 Qb1+ 34. Kd2 Qb2+ 35.
Kd1 Nxe3+ 36. Rxe3 Qb1+ 37. Kd2 Rxe3 38. Qxe3 Qf5 39. Qe8+ Kh7 40. g3 Qd5+ 41. Kc2 b4 0-1

[Event "Early-Titled-Tuesday-Blitz-October-24-2023"]
[Site "Chess.com"]
[Date "2023.10.24"]
[Round "2"]
[White "Rud_Makarian"]
[Black "ShahxaibKhan"]
[Result "1-0"]
[WhiteElo "2958"]
[BlackElo "2403"]
[TimeControl "180+1"]
[EndTime "8:17:14 PDT"]
[Termination "Rud_Makarian won on time"]

1. d4 Nf6 2. c4 e6 3. Nf3 b6 4. g3 Bb7 5. Bg2 Be7 6. O-O O-O 7. Re1 d6 8. Nc3 Ne4 9. Qc2 f5 10.
Nd2 d5 11. Nf3 Nd7 12. h4 h6 13. b3 Ndf6 14. Ne5 Bd6 15. cxd5 exd5 16. Nb5 a6 17.
Nxd6 cxd6 18. Nd3 Rc8 19. Qb2 Qe8 20. Qa3 Qg6 21. Bf4 Nh5 22. Rac1 Nxf4 23. Nxf4 Qf6 24. Qb4 b5 25. h5 Rfd8 26. e3 Qe7 27. Bh3 Qf7 28.
a4 Bc6 29. Qa5 bxa4 30. bxa4 Be8 31. Qxd5 Qxd5 32. Nxd5 Rxc1 33. Rxc1 Bxh5 34. Bxf5 Nd2 35. Rc7 Bf3 36. Ne7+ Kf8 37. Ng6+ Kg8 38. Rc8 Rxc8 39. Bxc8 Kf7 40. Nh4 Bc6 41. Bxa6 Bxa4 42. Bd3 Bc6 43.
Nf5 d5 44. Nh4 Bd7 45. Kg2 g5 46. Nf3 1-0

[Event "Early-Titled-Tuesday-Blitz-October-24-2023"]
[Site "Chess.com"]
[Date "2023.10.24"]
[Round "2"]
[White "GMJustin"]
[Black "Mystery2007"]
[Result "0-1"]
[WhiteElo "2204"]
[BlackElo "2461"]
[TimeControl "180+1"]
[EndTime "8:17:14 PDT"]
[Termination "Mystery2007 won on time"]

1. d4 Nf6 2. c4 e6 3. Nf3 b6 4.
g3 Bb7 5. Bg2 Bb4+ 6. Bd2 Bxd2+ 7.
Qxd2 O-O 8. O-O d6 9. Nc3 Nbd7 10.
Qc2 Qe7 11. e4 e5 12. d5 h6 13. b4 Nh7 14. Nd2 a5 15. a3 Rfc8 16. Nb3 Ba6 17. Nd1 axb4 18. axb4 Bb7 19. Ne3 g6 20. h4 h5 21. Bh3 Nhf6 22. c5 bxc5 23. bxc5 dxc5 24.
Na5 Ba6 25. Nc6 Qd6 26. Rfc1 Bb5 27. Nc4 Bxc4 28. Qxc4 Rxa1 29. Rxa1 Nb6 30. Qb5 Rf8 31. f3 c4 32. Bf1 Nfd7 33. Bxc4 f5 34. Bd3 Nc5 35.
Bc2 f4 36. gxf4 Rxf4 37. Ra7 Rxf3 0-1

[Event "Early-Titled-Tuesday-Blitz-October-24-2023"]
[Site "Chess.com"]
[Date "2023.10.24"]
[Round "2"]
[White "whitemirrorninja"]
[Black "Elsa167"]
[Result "0-1"]
[WhiteElo "2571"]
[BlackElo "2859"]
[TimeControl "180+1"]
[EndTime "8:17:15 PDT"]
[Termination "Elsa167 won by resignation"]

1. b3 a5 2. Nc3 d5 3. d4 Nf6 4.
Ba3 Bf5 5. e3 c6 6. Bd3 Bg6 7. Nf3 Nbd7 8. O-O b5 9. Ne2 e6 10. Bxf8 Nxf8 11. c4 Bxd3 12. Qxd3 b4 13. Ne5 Qd6 14. Rac1 N8d7 15. cxd5 cxd5 16. Rc6 Nxe5 17.
dxe5 Qxc6 18. exf6 gxf6 19. Rc1 Qd7 20. Nf4 h5 21.
Rc5 Rc8 22. Qc2 Ke7 23. h4 Rxc5 24. Qxc5+ Qd6 25. Qa7+ Kf8 26. Qxa5 Kg7 27. Qb5 Kh6 28. Qe2 Qe5 29. g3 Rc8 30. Qd2 Qe4 31. Nd3 Rc3 32. Ne1 Kg7 33. Qe2 Rc1 34. Kh2 Ra1 35. Ng2 Qb1 36. g4 Qh1+ 37. Kg3 Rg1 38. Qf3 hxg4 39. Qxg4+ Kf8 40. Qf3 Ke7 41. h5 f5 42.
h6 Qxh6 43. Qxf5 exf5 0-1

[Event "Early-Titled-Tuesday-Blitz-October-24-2023"]
[Site "Chess.com"]
[Date "2023.10.24"]
[Round "2"]
[White "balachess2006"]
[Black "kleinebeer98"]
[Result "0-1"]
[WhiteElo "2570"]
[BlackElo "2838"]
[TimeControl "180+1"]
[EndTime "8:17:15 PDT"]
[Termination "kleinebeer98 won by resignation"]

1. c4 e5 2. g3 Nf6 3. Bg2 c6 4. Nf3 e4 5. Nd4 h5 6. Nc3 d5 7. cxd5 h4 8. Nxe4 Nxe4 9. Bxe4 Bc5 10. Nb3 Bb6 11. d4 cxd5 12. Bf3 Nc6 13. Bf4 Qf6 14. Bxd5 Nxd4 15. Nxd4 Bxd4 16. O-O hxg3 17. Bxg3 O-O 18. Qb3 Bh3 19. Rfd1 Bxb2 20. Rab1 Bd4 21. Qxb7 Rad8 22. Bf3 Bb6 23. Qc6 Qf5 24. Qe4 Qa5 25. Qh4 Be6 26. Be4 f5 27. Bf3 Qxa2 28. Be5 Qa3 29. Qg5 Rxd1+ 30. Rxd1 Rf7 31. Rd6 Qb3 32. h4 Bc7 33.
Rxe6 Qxe6 34. Bxc7 Qd7 35. Bf4 a5 36. h5 a4 37. Be5 Qe6 38. Bd4 a3 39. h6 Qxh6 40.
Qxh6 gxh6 41. Bd5 Kf8 42. Bxf7 Kxf7 43. Kg2 Ke6 44. Kf3 h5 45. Kg3 Kd5 46. Ba1 Ke4 47.
Kg2 f4 48. Kf1 f3 49. Ke1 h4 50. e3 h3 51. Kd2 h2 0-1

[Event "Early-Titled-Tuesday-Blitz-October-24-2023"]
[Site "Chess.com"]
[Date "2023.10.24"]
[Round "2"]
[White "K_A_S_T_O_R"]
[Black "Aslanov_Umid"]
[Result "1-0"]
[WhiteElo "2874"]
[BlackElo "2574"]
[TimeControl "180+1"]
[EndTime "8:17:16 PDT"]
[Termination "K_A_S_T_O_R won by checkmate"]

1. e4 c5 2. Nf3 d6 3. d4 cxd4 4. Nxd4 Nf6 5. Nc3 a6 6. Bg5 e6 7. f4 Qb6 8. Bxf6 gxf6 9. Qd2 Qxb2 10. Nb3 Qa3 11. Be2 Qb4 12. O-O Be7 13. Bh5 Nc6 14.
Kh1 Bd7 15. Qe3 Bd8 16. a3 Qb6 17. Qg3 Be7 18. Rab1 O-O-O 19. Bxf7 Rdf8 20. Bh5 Rhg8 21. Qd3 Qc7 22. Nd2 Na5 23. f5 Rg5 24. fxe6 Bxe6 25.
Bf3 Rc5 26. Ne2 Nc4 27. Nd4 Bg8 28. Nf5 Ne5 29. Qe3 Kb8 30. Be2 Ka8 31. Nf3 Rxc2 32. N3d4 Rc3 33. Qd2 Rc8 34. Qb2 Rc5 35. Rfd1 Bc4 36.
Bxc4 Nxc4 37. Qb3 Qd7 38. a4 Re5 39. Qd3 Rec5 40. Nb3 Re5 41. Nd2 Nxd2 42. Rxd2 Bf8 43. Ne3 Qe6 44. Nd5 Rxe4 45. Rdd1 Bh6 46. Nb6+ Kb8 47. Nxc8 Kxc8 48. Qg3 Bf4 49. Qg7 Qf5 50. Qxb7+ Kd8 51. Qb8+ Ke7 52. Rb7+ Ke6 53. Qe8# 1-0

[Event "Early-Titled-Tuesday-Blitz-October-24-2023"]
[Site "Chess.com"]
[Date "2023.10.24"]
[Round "2"]
[White "Semetey"]
[Black "Grandmaster1369"]
[Result "0-1"]
[WhiteElo "2532"]
[BlackElo "2792"]
[TimeControl "180+1"]
[EndTime "8:17:16 PDT"]
[Termination "Grandmaster1369 won on time"]

1. a3 g6 2. d4 Bg7 3. Nf3 Nf6 4. b4 d5 5. Bb2 c6 6. Nbd2 a5 7. e3 a4 8. c4 O-O 9. Be2 Nbd7 10. O-O Re8 11. Rc1 Nb6 12. b5 cxb5 13. cxb5 Bg4 14. Bc3 e6 15. Bb4 Ne4 16. Nxe4 dxe4 17. Nd2 Bxe2 18.
Qxe2 e5 19. Nxe4 exd4 20. Nd6 Re7 21. Qf3 Rb8 22. exd4 Rd7 23. Ne4 Rxd4 24. Bc5 Rd7 25. Rcd1 Nd5 26. Bd6 Nc3 27. Bxb8 Nxd1 28. Bd6 Nc3 29.
Nxc3 Rxd6 30. Nxa4 Qa5 31. Nc5 Qxb5 32. Nxb7 Rd7 33.
a4 Qxb7 34. Qe3 Re7 35. Qd3 Bf8 36. g3 Re6 37. Qc4 Ra6 38. Ra1 Qb2 39. Ra2 Qb1+ 40. Kg2 Ra5 41. Re2 Qb7+ 42. f3 Qa6 0-1

[Event "Early-Titled-Tuesday-Blitz-October-24-2023"]
[Site "Chess.com"]
[Date "2023.10.24"]
[Round "2"]
[White "guillembaches"]
[Black "ImBushchess"]
[Result "1-0"]
[WhiteElo "2478"]
[BlackElo "2219"]
[TimeControl "180+1"]
[EndTime "8:17:19 PDT"]
[Termination "guillembaches won on time"]

1. d4 Nf6 2. Nf3 g6 3. Bg5 Bg7 4. Nbd2 d5 5. e3 O-O 6. Be2 Nbd7 7. O-O c5 8. c3 Re8 9. h3 Qc7 10. Rc1 e5 11. c4 exd4 12. exd4 cxd4 13. Nxd4 Qb6 14. N2b3 Ne4 15. Be3 Ng3 16. Re1 Nxe2+ 17. Rxe2 dxc4 18. Rxc4 Qa6 19. Rec2 Ne5 20. Rc7 Qxa2 21.
Nc5 Qd5 22. Nd3 Nxd3 23. Qxd3 Bf5 24. Qb5 Qxb5 25. Nxb5 Bxc2 26. Rxc2 Rec8 27. Re2 a6 28. Nd6 Rc7 29. Ne4 Rd7 30. Rc2 Rd1+ 31. Kh2 f5 32. Ng5 Be5+ 33. f4 Bf6 34. Nf3 Re8 35. Bb6 Re4 36.
Rc7 Rxf4 37. Rxb7 Rxf3 38. gxf3 Rd2+ 39. Kg3 Rxb2 40. Rb8+ Kf7 41. f4 Ke6 42. Re8+ Kd7 43.
Rb8 1-0

[Event "Early-Titled-Tuesday-Blitz-October-24-2023"]
[Site "Chess.com"]
[Date "2023.10.24"]
[Round "2"]
[White "blitzking1729"]
[Black "Boorchess"]
[Result "1-0"]
[WhiteElo "2808"]
[BlackElo "2541"]
[TimeControl "180+1"]
[EndTime "8:17:20 PDT"]
[Termination "blitzking1729 won on time"]

1. d4 Nf6 2. Bf4 g6 3. Nc3 d6 4. e4 Bg7 5. Qd2 h6 6. h4 c6 7.
f3 b5 8. a3 Nbd7 9. O-O-O Nb6 10. d5 cxd5 11. Bxb5+ Bd7 12. Bxd7+ Qxd7 13. exd5 Rb8 14.
b3 Rc8 15. Nge2 Rc5 16. Be3 Ra5 17. Bxb6 axb6 18. a4 O-O 19. Qd3 Rc8 20. Nb5 Qb7 21.
c4 Nd7 22. Kc2 Nc5 23. Qe3 Nxa4 24. bxa4 Rxc4+ 25. Kd2 Qxd5+ 26. Ke1 Qb7 27. Kf2 Rcxa4 28. Nbc3 Rc4 29. Ne4 d5 30. Nd2 Rb4 31. Rb1 Rxb1 32. Rxb1 b5 33. Nb3 Ra3 34. Qc5 Ra2 35. Nc1 Ra5 36.
Nd3 e6 37. Qb4 Ra6 38. Qxb5 Qxb5 39. Rxb5 Bf6 40. h5 gxh5 41. Ndf4 h4 42. Rb8+ Kh7 43. Rb7 1-0

[Event "Early-Titled-Tuesday-Blitz-October-24-2023"]
[Site "Chess.com"]
[Date "2023.10.24"]
[Round "2"]
[White "Martial2008"]
[Black "rajesh1464"]
[Result "1-0"]
[WhiteElo "2660"]
[BlackElo "2323"]
[TimeControl "180+1"]
[EndTime "8:17:20 PDT"]
[Termination "Martial2008 won by resignation"]

1. d4 Nf6 2. Nf3 g6 3. Bg5 Bg7 4. Nbd2 h6 5. Bh4 g5 6. Bg3 d5 7. e3 c6 8. Bd3 Bg4 9. h3 Bh5 10. c3 Nbd7 11. Qc2 Bxf3 12. Nxf3 Qa5 13. h4 g4 14. Ne5 Nxe5 15. Bxe5 h5 16. a4 Kf8 17. b4 Qd8 18. a5 a6 19. f3 Ne8 20. Bxg7+ Kxg7 21. Qe2 Nf6 22. Kd2 e6 23. Raf1 b6 24. axb6 Qxb6 25.
fxg4 hxg4 26. Qf2 Rh6 27. Qf4 Qd8 28. Qg5+ Rg6 29. Bxg6 fxg6 30. Kd3 Ne4 31. Qxd8 Rxd8 32. Rf4 g3 33. Ra1 Ra8 34. Rxe4 dxe4+ 35. Kxe4 Kh6 36. Ra5 Rf8 37. Rg5 Rf5 38. Rxg3 a5 39. bxa5 Rxa5 40. Rf3 c5 41. Rf6 cxd4 42. cxd4 Ra2 43. g4 Rg2 44. g5+ Kh5 45. Rxe6 Rg4+ 46. Ke5 Rxh4 47. d5 Kxg5 48.
d6 Rh3 49. e4 Rd3 50. d7 Rxd7 51. Ra6 Re7+ 52. Kd5 Kh5 53. e5 g5 54. e6 g4 55. Ra8 g3 56. Ke5 g2 57. Rg8 Kh6 58.
Rxg2 1-0

[Event "Early-Titled-Tuesday-Blitz-October-24-2023"]
[Site "Chess.com"]
[Date "2023.10.24"]
[Round "2"]
[White "Mariia89"]
[Black "Caterpiller35"]
[Result "0-1"]
[WhiteElo "2126"]
[BlackElo "2439"]
[TimeControl "180+1"]
[EndTime "8:17:20 PDT"]
[Termination "Caterpiller35 won by checkmate"]

1. d4 Nf6 2. Nf3 e6 3. Bg5 c5 4. e3 b6 5. c3 Bb7 6. Nbd2 Be7 7. Bd3 Nc6 8. O-O O-O 9. Re1 cxd4 10. exd4 Nd5 11.
Bxe7 Ncxe7 12. g3 f5 13. a3 f4 14. c4 fxg3 15. hxg3 Nf6 16. Ne5 Rc8 17. Rc1 Nf5 18. Ndf3 d6 19. Bxf5 exf5 20. Nd3 Ne4 21. Nf4 Qf6 22. b3 g5 23. Ng2 Qh6 24. d5 Rce8 25.
Nd4 Bc8 26. Nc6 Qh3 27. Qf3 Rf6 28. Ne3 f4 29. Nf1 fxg3 30. Qxf6 Nxf6 31. Nxg3 Bg4 32. Nd4 Re5 33. b4 h5 34. Nf1 Qxa3 35. Ne3 Qxb4 36.
Nc6 Qd2 37. Nxe5 dxe5 38. Ng2 Bf3 39. Ra1 a5 40. Ne3 Ne4 41. Rf1 Be2 42. Rfe1 Bxc4 43. Ng4 hxg4 44. Rxe4 Bxd5 45. Rxg4 Kf7 46. Rg3 Qe2 47.
Re3 Qc4 48. Rae1 Qg4+ 49. Kh2 Qg2# 0-1

[Event "Early-Titled-Tuesday-Blitz-October-24-2023"]
[Site "Chess.com"]
[Date "2023.10.24"]
[Round "2"]
[White "leandrojimenez"]
[Black "RobertoJBM"]
[Result "1-0"]
[WhiteElo "2420"]
[BlackElo "2783"]
[TimeControl "180+1"]
[EndTime "8:17:21 PDT"]
[Termination "leandrojimenez won on time"]

1. d4 d5 2. c4 c6 3. Nf3 Nf6 4.
Qb3 dxc4 5. Qxc4 Bf5 6. g3 e6 7.
Bg2 h6 8. O-O Nbd7 9. Nbd2 Be7 10. Qb3 Qb6 11. Nc4 Qa6 12. Bf4 O-O 13. Bd6 Bxd6 14. Nxd6 Rab8 15. Rfe1 Bh7 16. e4 c5 17. e5 Ne8 18. Nb5 Qb6 19. Rac1 a6 20. Na3 Qxb3 21. axb3 cxd4 22. Nxd4 Nb6 23. Nc4 Nxc4 24. Rxc4 Bd3 25. Rc3 Bg6 26. b4 Rd8 27. Nb3 b6 28. Ra1 Bf5 29.
h3 a5 30. bxa5 bxa5 31. Nxa5 Rb8 32. b3 f6 33. Nc6 Rb7 34. Ra8 fxe5 35. Nxe5 Re7 36.
b4 Nd6 37. Rxf8+ Kxf8 38. Rc6 Nb5 39. g4 Bh7 40. Rc5 Nd6 41. Rc6 Nb5 42. Rc5 Nd4 43. b5 Ra7 44. b6 Ra1+ 45. Kh2 Rb1 46. b7 Ke7 47. Rc8 Kd6 48. Nc4+ 1-0

[Event "Early-Titled-Tuesday-Blitz-October-24-2023"]
[Site "Chess.com"]
[Date "2023.10.24"]
[Round "2"]
[White "Hasangatin_Ramil"]
[Black "schack_vit"]
[Result "1-0"]
[WhiteElo "2718"]
[BlackElo "2380"]
[TimeControl "180+1"]
[EndTime "8:17:22 PDT"]
[Termination "Hasangatin_Ramil won by resignation"]

1. e4 c5 2. Nf3 d6 3. d4 cxd4 4. Qxd4 Nc6 5. Bb5 Bd7 6. Bxc6 bxc6 7. c4 Nf6 8. Nc3 e5 9. Qd3 h6 10. c5 d5 11. Nxe5 Bxc5 12. Nxd7 Qxd7 13. exd5 cxd5 14. O-O O-O 15. Bf4 Rfe8 16. Rad1 Rad8 17. Rfe1 Rxe1+ 18. Rxe1 Qb7 19. b3 Qb6 20. Bg3 Bb4 21. Rd1 Bxc3 22. Qxc3 Ne4 23. Qd4 Nxg3 24. hxg3 Qxd4 25. Rxd4 f6 26.
Kf1 Kf7 27. Ra4 Rd7 28. Ra6 Kg6 29. Ke2 Kf5 30. Kd3 Ke5 31. g4 Kf4 32. Ra4+ Ke5 33.
f4+ Ke6 34. Ra6+ Kf7 35. Kd4 g6 36. f5 h5 37. fxg6+ Kxg6 38. gxh5+ Kxh5 39. Rxf6 Rg7 40. Ra6 Rd7 41. Ra5 Kg4 42. Rxd5 Rb7 43. Rd6 Rc7 44.
a4 Rc2 45. Ra6 Rd2+ 46. Kc3 Rxg2 47. Rxa7 Kf5 48. Re7 Rg3+ 49. Kc4 Kf6 50. Re2 1-0

[Event "Early-Titled-Tuesday-Blitz-October-24-2023"]
[Site "Chess.com"]
[Date "2023.10.24"]
[Round "2"]
[White "IngOscarArdila"]
[Black "Savagelittlemole"]
[Result "1-0"]
[WhiteElo "2314"]
[BlackElo "2509"]
[TimeControl "180+1"]
[EndTime "8:17:22 PDT"]
[Termination "IngOscarArdila won by resignation"]

1. d4 Nf6 2. c4 c5 3. d5 e6 4. Nc3 exd5 5. cxd5 d6 6. e4 g6 7. h3 Bg7 8. Nf3 O-O 9. Bd3 a6 10. a4 Re8 11. O-O Nbd7 12. Bf4 Qe7 13. Re1 Nh5 14.
Bh2 Ne5 15. Be2 Bd7 16. Nxe5 Bxe5 17. Bxh5 Bxh2+ 18. Kxh2 Qe5+ 19. g3 gxh5 20. f4 Qd4 21. Qf3 h4 22. gxh4 Kh8 23. Rad1 Qf6 24. Rg1 Rg8 25. Rg5 h6 26. e5 dxe5 27. Ne4 Qb6 28.
Rxg8+ Rxg8 29. fxe5 Qxb2+ 30. Rd2 Qxe5+ 31. Kh1 Bf5 32. Nf2 Rg3 33. Qe2 Qg7 34. Rd1 Bxh3 35. Qe8+ Kh7 36. Qe4+ f5 37. Qe6 Bg2+ 38. Kh2 Be4 39.
Nxe4 Rg2+ 40. Kh1 fxe4 41. Qf5+ Rg6 42. Qxe4 Qb2 43. h5 Qc2 1-0

[Event "Early-Titled-Tuesday-Blitz-October-24-2023"]
[Site "Chess.com"]
[Date "2023.10.24"]
[Round "2"]
[White "gau248"]
[Black "lilleper1"]
[Result "1/2-1/2"]
[WhiteElo "2587"]
[BlackElo "2879"]
[TimeControl "180+1"]
[EndTime "8:17:23 PDT"]
[Termination "Game drawn by repetition"]

1. d4 Nf6 2. c4 e6 3. Nf3 c5 4. e3 d5 5. a3 Nc6 6. dxc5 Bxc5 7. b4 Bd6 8. Bb2 O-O 9. Bd3 dxc4 10. Bxc4 Qc7 11. Nbd2 Ne5 12. Be2 Bd7 13. Rc1 Qb8 14. O-O Rd8 15. h3 a5 16. b5 Nxf3+ 17. Nxf3 a4 18.
Qc2 Rc8 19. Qd3 Rxc1 20. Rxc1 Be8 21. e4 Be7 22. Ne5 Qd8 23. Qe3 Rc8 24. Rxc8 Qxc8 25. Ng4 Qc2 26. Nxf6+ gxf6 27. Bd4 Qb3 28. Qxb3 axb3 29.
Bb2 f5 30. exf5 exf5 31. Bc4 Bd7 32. a4 Be6 33. Bxe6 fxe6 34. a5 Kf7 35. a6 bxa6 36. bxa6 Bc5 37. Kf1 Ke8 38. Ke2 Kd7 39. f3 Kc6 40. Kd3 Kb5 41. Kc3 Kxa6 42. Kxb3 Kb5 43. Be5 Be7 44. Kc3 Kc5 45. Kd3 Kd5 46. Bb8 e5 47. g4 e4+ 48. fxe4+ fxe4+ 49. Ke2 Bg5 50. Bg3 h6 51. Bf2 Ke5 52. h4 Be7 53. Be3 Bxh4 54. Bxh6 Be7 55. Be3 Ke6 56. Bf4 Kd5 57. Be3 Ke6 58. Bf4 Kd5 59. Be3 Ke6 1/2-1/2

[Event "Early-Titled-Tuesday-Blitz-October-24-2023"]
[Site "Chess.com"]
[Date "2023.10.24"]
[Round "2"]
[White "Larina_Maria"]
[Black "Sjakkerntobi"]
[Result "0-1"]
[WhiteElo "2229"]
[BlackElo "2478"]
[TimeControl "180+1"]
[EndTime "8:17:23 PDT"]
[Termination "Sjakkerntobi won on time"]

1. e4 e5 2. Nf3 Nc6 3. Nc3 Nf6 4.
Bb5 Bb4 5. O-O O-O 6. d3 d6 7.
Ne2 Ne7 8. c3 Ba5 9. Ng3 Ng6 10.
d4 c6 11. Bd3 Bc7 12. h3 a5 13. a4 Re8 14. Re1 Be6 15. Qc2 Qd7 16. Bd2 Rad8 17.
Rad1 Bb6 18. Bg5 Bxh3 19. gxh3 Qxh3 20. Bxf6 gxf6 21. Bf1 Qg4 22. Bg2 Nf4 23. Nh2 Qg6 24. Kh1 Kh8 25. Rg1 Rg8 26. Bf3 Nh3 27. Rg2 Qh6 28.
Qc1 Nf4 29. Nf5 Qh3 30. Rg4 h5 31. Rxf4 exf4 32. Qxf4 Rg5 33. Nxd6 Qe6 34. Nf5 Rdg8 35.
Qh4 R8g6 36. Re1 Kg8 37. Rf1 Kf8 38. Ng3 Bc7 39. Bxh5 Rh6 40. f4 Rxg3 41. Qxg3 Rxh5 42. Kg2 Qb3 43. Rf2 Rh8 44. Ng4 Rg8 45. Kf3 Qd1+ 46.
Re2 Qf1+ 47. Qf2 Qh1+ 48. Qg2 Qb1 49. Nf2 Rxg2 50. Kxg2 Bxf4 0-1

[Event "Early-Titled-Tuesday-Blitz-October-24-2023"]
[Site "Chess.com"]
[Date "2023.10.24"]
[Round "2"]
[White "IriBu"]
[Black "Zhigalko_Sergei"]
[Result "0-1"]
[WhiteElo "2594"]
[BlackElo "2952"]
[TimeControl "180+1"]
[EndTime "8:17:24 PDT"]
[Termination "Zhigalko_Sergei won on time"]

1. e4 c5 2. Nf3 Nc6 3. Nc3 Nf6 4. Bb5 Qc7 5. O-O Nd4 6. e5 Nxf3+ 7. Qxf3 Qxe5 8. d3 e6 9. Bf4 Qh5 10. Qg3 a6 11.
Ba4 b5 12. Bb3 Bb7 13. f3 c4 14. dxc4 bxc4 15. Ba4 Qc5+ 16. Kh1 Nh5 17. Qg4 Nxf4 18.
Qxf4 Bd6 19. Bxd7+ Ke7 20. Na4 Qh5 21. g4 Bxf4 22.
gxh5 Kxd7 23. Nb6+ Ke7 24. Nxa8 Rxa8 25. Rad1 Rc8 26. Kg2 Rc5 27. Rd4 Be5 28. Rd2 Bxb2 29. Rfd1 Bd5 30. Rb1 c3 31. Rd4 Ra5 32. a4 Kd6 33.
Kg3 Kc5 34. Rbd1 Kd6 35. Rg4 g6 36. h6 Rc5 37. Rb4 Kc7 38. f4 a5 39. Rbd4 Ba3 40. h4 Rc6 41. Kg4 f5+ 42. Kg3 Bc5 43.
R4d3 Bb4 44. Rd4 Bc5 45. R4d3 Be7 46. Rd4 Bf6 47. R4d3 Rc4 48. Rb1 Rb4 49. Rbd1 Kc6 50. Re1 Be7 0-1

[Event "Early-Titled-Tuesday-Blitz-October-24-2023"]
[Site "Chess.com"]
[Date "2023.10.24"]
[Round "2"]
[White "pedro_gines"]
[Black "AndrewB92"]
[Result "1-0"]
[WhiteElo "2744"]
[BlackElo "2454"]
[TimeControl "180+1"]
[EndTime "8:17:24 PDT"]
[Termination "pedro_gines won on time"]

1. Nf3 d5 2. g3 Nf6 3. Bg2 Bf5 4.
O-O c6 5. c4 e6 6. cxd5 exd5 7.
d3 Be7 8. Nc3 O-O 9. Nd4 Bg6 10.
e4 c5 11. Nc2 dxe4 12. dxe4 Nc6 13. Ne3 Qxd1 14. Rxd1 Rfd8 15. Ned5 Nxd5 16. Nxd5 Bf8 17.
Be3 b6 18. Rac1 f6 19. a3 Ne7 20. Nc7 Rac8 21. Ne6 Rxd1+ 22. Rxd1 Kf7 23. Nxf8 Kxf8 24.
Rd7 Nc6 25. f4 Be8 26. Rd2 Na5 27. Rd1 Bc6 28. b4 cxb4 29. axb4 Nc4 30. Bf2 Re8 31. Rc1 b5 32. Re1 a6 33. Bc5+ Kf7 34. Kf2 f5 35. e5 Bxg2 36. Kxg2 Rd8 37. e6+ Ke8 38. Ra1 Ra8 39. h3 a5 40. bxa5 Rxa5 41. Rb1 Ra2+ 42.
Kf3 Rb2 43. Ra1 Rb3+ 44. Kf2 Rb2+ 45. Kg1 Kd8 46. e7+ Kd7 47. Ra7+ 1-0

[Event "Early-Titled-Tuesday-Blitz-October-24-2023"]
[Site "Chess.com"]
[Date "2023.10.24"]
[Round "2"]
[White "ketster"]
[Black "LaPiToB"]
[Result "1-0"]
[WhiteElo "2521"]
[BlackElo "2284"]
[TimeControl "180+1"]
[EndTime "8:17:24 PDT"]
[Termination "ketster won on time"]

1. Nf3 Nf6 2. b3 d5 3. Bb2 c5 4. e3 Nc6 5. d4 Bg4 6. Be2 e6 7. dxc5 Bxc5 8. O-O O-O 9. h3 Bh5 10. Nbd2 Rc8 11. c4 dxc4 12. Nxc4 Qe7 13. Nfe5 Bxe2 14.
Qxe2 Nxe5 15. Nxe5 Rfd8 16. Rfd1 Ba3 17. Bd4 a6 18. Nc4 Nd5 19. Qg4 f5 20. Qxg7+ Qxg7 21. Bxg7 Kxg7 22. Nxa3 Nc3 23. Rxd8 Rxd8 24. Nc4 b5 25. Ne5 Rd2 26. a4 Kf6 27. Nf3 Rb2 28.
axb5 axb5 29. Nd4 e5 30. Ra6+ Kf7 31. Nxf5 Rxb3 32. Nd6+ Kg7 33. Rb6 Rb1+ 34. Kh2 Ne2 35. Rxb5 Rf1 36. Ne4 h5 37. Rxe5 h4 38. g3 Ng1 39.
Kg2 Ra1 40. gxh4 Ne2 41. Ng5 Kh6 42. Re6+ Kh5 43. Re4 Rg1+ 44. Kf3 1-0

[Event "Early-Titled-Tuesday-Blitz-October-24-2023"]
[Site "Chess.com"]
[Date "2023.10.24"]
[Round "2"]
[White "JG-17"]
[Black "VOneChess"]
[Result "1-0"]
[WhiteElo "2484"]
[BlackElo "2239"]
[TimeControl "180+1"]
[EndTime "8:17:25 PDT"]
[Termination "JG-17 won on time"]

1. e4 c5 2. Nc3 Nc6 3. g3 g6 4. Bg2 Bg7 5. d3 e6 6. Be3 d6 7. Qd2 Nge7 8. Bh6 O-O 9. h4 f6 10. Bxg7 Kxg7 11. h5 g5 12. f4 g4 13. O-O-O b5 14. f5 exf5 15. Nge2 Qa5 16. Kb1 Be6 17. Nf4 Bf7 18. exf5 b4 19. Ncd5 Nxf5 20. b3 Ncd4 21.
Ne2 Nxc2 22. Qxc2 Bxd5 23. h6+ Kh8 24. Bxd5 Ne3 25. Qb2 Nxd5 26. Rh5 Nc3+ 27. Nxc3 bxc3 28. Qe2 Rf7 29. Re1 c2+ 30. Kc1 Qa3+ 31. Kxc2 Qxa2+ 32. Kc3 Qa5+ 33. Kb2 Raf8 34. Rd5 Rb7 35. Rxd6 c4 36. dxc4 Qf5 37. Rd5 Qg6 38. Red1 Qxh6 39. Rd8 Qg7 40. Ka2 f5 41. Qe6 Rb6 42. Qc8 Rf6 43. R1d7 Qg8 44.
Qc7 1-0

[Event "Early-Titled-Tuesday-Blitz-October-24-2023"]
[Site "Chess.com"]
[Date "2023.10.24"]
[Round "2"]
[White "GMSrinath"]
[Black "IMRosen"]
[Result "1-0"]
[WhiteElo "2837"]
[BlackElo "2565"]
[TimeControl "180+1"]
[EndTime "8:17:26 PDT"]
[Termination "GMSrinath won by resignation"]

1. d4 d5 2. c4 e6 3. Nf3 Nf6 4. g3 dxc4 5. Bg2 Bb4+ 6. Bd2 c5 7. dxc5 Bxc5 8. O-O O-O 9. Qa4 Nbd7 10. Qxc4 b5 11. Qxb5 Rb8 12. Qa4 Rxb2 13. Nc3 Bb7 14. Bc1 Rb6 15.
Bf4 Qe7 16. Rad1 Rc8 17. Rc1 Rb4 18. Qd1 h6 19. Qd2 Rd8 20. Rfd1 Ng4 21. e3 e5 22.
Nxe5 Bxg2 23. Kxg2 Ngxe5 24. Nd5 Qf8 25. Nxb4 Bxb4 26.
Qd5 Ng6 27. Bc7 Ne7 28. Qd3 Nc6 29. Bxd8 Nce5 30. Qe4 Ba3 31. Rc8 f5 32. Qa8 Kh7 33. Ba5 Qf7 34. Rh8+ Kg6 35. Qe8 f4 36. exf4 Ng4 37.
Qxf7+ Kxf7 38. Rxd7+ Kg6 39. Rxa7 Bc5 40. Ra6+ Kh5 41.
Rc8 Bxf2 42. h3 Bxg3 43. hxg4+ Kxg4 44. Rg6+ Kxf4 45. Rxg3 1-0